[ AOE2 MATCH · #484542987 ]
UnrankedCelts vs Persians
[ REPLAY ANALYSIS · EXTRACTED FROM THE RECORDED GAME ]
Feudal
11:04
Castle
20:58
Imperial
30:20
| APM avg | 15.7 |
| APM peak | 36 |
| eAPM avg | 11.9 |
| Villagers / military | 94 / 76 |
Focus
⚔️ 23.8% · 🌾 76.2%
Scorpion ×73 · Trebuchet (Packed) ×3
Feudal
12:17
Castle
20:08
Imperial
31:21
| APM avg | 18.7 |
| APM peak | 59 |
| eAPM avg | 8.4 |
| Villagers / military | 73 / 35 |
Focus
⚔️ 18.8% · 🌾 81.2%
Knight ×28 · Trade Cart ×7 · Trebuchet (Packed) ×6 · War Elephant ×1
Feudal
15:49
Castle
21:11
Imperial
33:25
| APM avg | 14.9 |
| APM peak | 45 |
| eAPM avg | 10.2 |
| Villagers / military | 110 / 107 |
Focus
⚔️ 39.0% · 🌾 61.0%
Coustillier ×77 · Scout Cavalry ×27 · Trebuchet (Packed) ×2 · Monk ×1
Feudal
11:27
Castle
20:33
Imperial
36:02
| APM avg | 31.6 |
| APM peak | 78 |
| eAPM avg | 16.3 |
| Villagers / military | 113 / 141 |
Focus
⚔️ 33.9% · 🌾 66.1%
Plumed Archer ×141 · Trade Cart ×5
Match map
Initial resources + every placement click. Lines = walls · curves = elevation contours. ◆ gold · ⬟ stone · ● berries · ✦ relic · ◌ wall gap
Your base· Open — unwalled flank
Preen's base· Open — 4t gap
社恐's base· Open — unwalled flank
Komle's base· ✓ Closed at 20:33 · 80t walls · 1 gate(s)
Smoothed initial terrain · ◌ = detected wall gap · hover for details
Inputs per minute
— Stove - - Preen
Build order — Stove
First 150 of 279 actions detected
| 0:06 | Build | House |
| 0:08 | Create | Villager (Male) |
| 0:08 | Create | Villager (Male) |
| 0:12 | Build | House |
| 0:18 | Create | Villager (Male) |
| 0:46 | Create | Villager (Male) |
| 1:51 | Create | Villager (Male) |
| 2:32 | Create | Villager (Male) |
| 2:32 | Create | Villager (Male) |
| 2:50 | Create | Villager (Male) |
| 2:51 | Create | Villager (Male) |
| 4:09 | Build | Lumber Camp |
| 4:37 | Build | House |
| 4:47 | Create | Villager (Male) |
| 4:48 | Create | Villager (Male) |
| 4:48 | Create | Villager (Male) |
| 5:14 | Build | Mill |
| 5:34 | Create | Villager (Male) |
| 6:48 | Create | Villager (Male) |
| 6:49 | Create | Villager (Male) |
| 7:21 | Create | Villager (Male) |
| 7:39 | Build | House |
| 7:40 | Build | House |
| 7:41 | Build | House |
| 8:00 | Create | Villager (Male) |
| 8:54 | Research | Feudal Age |
| 9:06 | Create | Villager (Male) |
| 9:52 | Build | Mining Camp |
| 11:04 | Age | Feudal Age |
| 11:09 | Research | Horse Collar |
| 11:14 | Research | Double-Bit Axe |
| 11:40 | Build | Blacksmith |
| 11:44 | Build | Market |
| 11:49 | Create | Villager (Male) |
| 11:50 | Create | Villager (Male) |
| 11:50 | Create | Villager (Male) |
| 12:09 | Build | Mining Camp |
| 12:21 | Build | Farm |
| 12:42 | Build | Farm |
| 13:03 | Create | Villager (Male) |
| 13:03 | Create | Villager (Male) |
| 13:08 | Build | Farm |
| 13:32 | Build | Farm |
| 13:32 | Build | Farm |
| 13:32 | Build | Farm |
| 13:33 | Build | Farm |
| 13:33 | Build | Farm |
| 14:04 | Create | Villager (Male) |
| 14:04 | Create | Villager (Male) |
| 14:04 | Create | Villager (Male) |
| 14:44 | Build | House |
| 14:45 | Build | House |
| 14:46 | Build | House |
| 14:50 | Create | Villager (Male) |
| 14:50 | Create | Villager (Male) |
| 14:54 | Build | Farm |
| 14:54 | Build | Farm |
| 14:55 | Build | Farm |
| 14:55 | Build | Farm |
| 14:55 | Build | Farm |
| 14:55 | Build | Farm |
| 15:04 | Create | Villager (Male) |
| 15:04 | Create | Villager (Male) |
| 15:10 | Research | Wheelbarrow |
| 15:38 | Build | Farm |
| 15:38 | Build | Farm |
| 15:38 | Build | Farm |
| 15:39 | Build | Farm |
| 15:39 | Build | Farm |
| 15:39 | Build | Farm |
| 15:39 | Build | Farm |
| 16:15 | Create | Villager (Male) |
| 16:41 | Create | Villager (Male) |
| 17:03 | Build | Farm |
| 17:28 | Create | Villager (Male) |
| 17:29 | Create | Villager (Male) |
| 17:32 | Build | Farm |
| 17:57 | Build | Farm |
| 18:07 | Research | Castle Age |
| 18:21 | Build | Farm |
| 18:31 | Research | Gold Mining |
| 18:36 | Research | Stone Mining |
| 20:12 | Build | Mining Camp |
| 20:38 | Create | Villager (Male) |
| 20:39 | Create | Villager (Male) |
| 20:58 | Age | Castle Age |
| 21:04 | Research | Heavy Plow |
| 21:05 | Research | Bow Saw |
| 21:07 | Research | Gold Shaft Mining |
| 21:09 | Research | Stone Shaft Mining |
| 21:59 | Build | Town Center |
| 22:05 | Create | Villager (Male) |
| 22:06 | Create | Villager (Male) |
| 22:45 | Build | Lumber Camp |
| 22:57 | Create | Villager (Male) |
| 22:57 | Create | Villager (Male) |
| 23:14 | Create | Villager (Male) |
| 23:14 | Create | Villager (Male) |
| 23:51 | Build | Castle |
| 24:01 | Create | Villager (Male) |
| 24:01 | Create | Villager (Male) |
| 24:06 | Create | Villager (Male) |
| 24:06 | Create | Villager (Male) |
| 24:11 | Research | Hand Cart |
| 24:21 | Create | Villager (Male) |
| 24:22 | Create | Villager (Male) |
| 24:58 | Create | Villager (Male) |
| 24:58 | Create | Villager (Male) |
| 25:29 | Build | House |
| 25:30 | Build | House |
| 25:32 | Build | House |
| 25:33 | Build | House |
| 25:35 | Build | House |
| 25:38 | Build | House |
| 25:45 | Create | Villager (Male) |
| 25:45 | Create | Villager (Male) |
| 26:04 | Build | Siege Workshop |
| 26:07 | Build | Siege Workshop |
| 26:08 | Build | Siege Workshop |
| 26:17 | Build | Farm |
| 26:18 | Build | Farm |
| 26:18 | Build | Farm |
| 26:22 | Create | Villager (Male) |
| 26:22 | Create | Villager (Male) |
| 26:48 | Create | Villager (Male) |
| 26:49 | Create | Villager (Male) |
| 27:07 | Research | Imperial Age |
| 27:14 | Create | Villager (Male) |
| 27:54 | Create | Villager (Male) |
| 27:55 | Create | Villager (Male) |
| 27:55 | Create | Villager (Male) |
| 27:55 | Create | Villager (Male) |
| 28:01 | Build | Farm |
| 28:02 | Build | Farm |
| 28:28 | Create | Villager (Male) |
| 28:28 | Create | Villager (Male) |
| 28:34 | Create | Scorpion |
| 28:34 | Create | Scorpion |
| 28:34 | Create | Scorpion |
| 28:34 | Create | Scorpion |
| 28:35 | Create | Scorpion |
| 28:35 | Create | Scorpion |
| 28:40 | Create | Villager (Male) |
| 28:41 | Create | Villager (Male) |
| 28:51 | Build | Farm |
| 28:52 | Build | Farm |
| 28:52 | Build | Farm |
| 29:39 | Build | Farm |
| 29:44 | Create | Villager (Male) |
| 29:44 | Create | Villager (Male) |
Build order — Preen
First 150 of 180 actions detected
| 0:06 | Build | House |
| 0:09 | Create | Villager (Male) |
| 0:09 | Create | Villager (Male) |
| 0:09 | Create | Villager (Male) |
| 0:09 | Create | Villager (Male) |
| 0:09 | Create | Villager (Male) |
| 0:12 | Build | House |
| 1:56 | Build | Lumber Camp |
| 2:03 | Create | Villager (Male) |
| 2:42 | Create | Villager (Male) |
| 3:30 | Create | Villager (Male) |
| 3:31 | Create | Villager (Male) |
| 3:49 | Create | Villager (Male) |
| 4:05 | Build | Mill |
| 4:10 | Create | Villager (Male) |
| 4:22 | Build | House |
| 4:51 | Create | Villager (Male) |
| 5:02 | Create | Villager (Male) |
| 5:06 | Build | House |
| 5:29 | Create | Villager (Male) |
| 5:50 | Build | Farm |
| 5:55 | Create | Villager (Male) |
| 6:06 | Create | Villager (Male) |
| 6:22 | Build | Lumber Camp |
| 6:53 | Create | Villager (Male) |
| 7:10 | Build | Farm |
| 7:24 | Create | Villager (Male) |
| 8:12 | Create | Villager (Male) |
| 8:17 | Create | Villager (Male) |
| 8:30 | Build | House |
| 8:35 | Build | Farm |
| 8:45 | Create | Villager (Male) |
| 9:13 | Create | Villager (Male) |
| 9:25 | Create | Villager (Male) |
| 9:38 | Build | Farm |
| 9:39 | Build | Farm |
| 10:13 | Research | Feudal Age |
| 10:34 | Build | Barracks |
| 10:46 | Build | House |
| 11:46 | Create | Villager (Male) |
| 12:05 | Build | Farm |
| 12:15 | Build | Farm |
| 12:17 | Age | Feudal Age |
| 12:22 | Create | Villager (Male) |
| 12:26 | Create | Villager (Male) |
| 12:30 | Create | Villager (Male) |
| 12:44 | Build | Stable |
| 12:59 | Build | Blacksmith |
| 13:08 | Create | Villager (Male) |
| 13:21 | Build | Farm |
| 13:23 | Build | Farm |
| 13:28 | Build | Farm |
| 14:30 | Build | Mining Camp |
| 14:33 | Create | Villager (Male) |
| 14:34 | Create | Villager (Male) |
| 14:48 | Create | Villager (Male) |
| 15:12 | Research | Scale Barding Armor |
| 15:22 | Research | Forging |
| 15:30 | Build | Mining Camp |
| 15:36 | Create | Villager (Male) |
| 15:45 | Build | Farm |
| 16:00 | Create | Villager (Male) |
| 16:15 | Build | House |
| 16:35 | Create | Villager (Male) |
| 16:41 | Build | House |
| 16:56 | Create | Villager (Male) |
| 17:07 | Build | Farm |
| 17:30 | Research | Castle Age |
| 17:58 | Build | Farm |
| 18:06 | Build | Farm |
| 19:16 | Build | Farm |
| 19:23 | Build | Farm |
| 19:27 | Build | Farm |
| 20:08 | Age | Castle Age |
| 20:09 | Create | Villager (Male) |
| 20:12 | Create | Villager (Male) |
| 20:34 | Research | Chain Barding Armor |
| 20:38 | Research | Iron Casting |
| 20:46 | Build | Farm |
| 20:51 | Create | Villager (Male) |
| 21:26 | Build | Castle |
| 21:36 | Create | Villager (Male) |
| 21:38 | Create | Villager (Male) |
| 22:16 | Build | Town Center |
| 22:33 | Build | Market |
| 23:01 | Research | Wheelbarrow |
| 23:07 | Create | Villager (Male) |
| 23:18 | Build | House |
| 23:37 | Create | Villager (Male) |
| 23:41 | Create | Knight |
| 24:22 | Create | Trade Cart |
| 24:50 | Create | Trade Cart |
| 24:53 | Create | Trade Cart |
| 24:57 | Create | Villager (Male) |
| 24:58 | Create | Villager (Male) |
| 25:02 | Create | Villager (Male) |
| 25:09 | Create | Villager (Male) |
| 25:18 | Build | Mining Camp |
| 25:22 | Create | Villager (Male) |
| 25:37 | Create | Villager (Male) |
| 25:42 | Create | Villager (Male) |
| 25:52 | Build | Lumber Camp |
| 26:02 | Create | Villager (Male) |
| 26:22 | Build | House |
| 26:25 | Build | Farm |
| 26:35 | Create | Villager (Male) |
| 26:38 | Create | Villager (Male) |
| 26:39 | Create | Villager (Male) |
| 26:58 | Build | Stable |
| 27:05 | Build | House |
| 27:11 | Build | House |
| 27:36 | Create | Knight |
| 27:36 | Create | Knight |
| 27:51 | Create | Villager (Male) |
| 27:52 | Create | Villager (Male) |
| 27:57 | Create | Villager (Male) |
| 28:01 | Create | Villager (Male) |
| 28:20 | Build | House |
| 28:36 | Research | Imperial Age |
| 28:53 | Create | Knight |
| 28:53 | Create | Knight |
| 29:22 | Create | War Elephant |
| 29:37 | Create | Villager (Male) |
| 29:39 | Create | Villager (Male) |
| 29:52 | Build | Farm |
| 29:57 | Create | Villager (Male) |
| 30:08 | Create | Knight |
| 30:09 | Create | Knight |
| 31:19 | Create | Trade Cart |
| 31:20 | Create | Trade Cart |
| 31:21 | Age | Imperial Age |
| 31:33 | Create | Trebuchet (Packed) |
| 31:34 | Create | Trebuchet (Packed) |
| 31:53 | Create | Knight |
| 31:53 | Create | Knight |
| 32:11 | Create | Knight |
| 32:11 | Create | Knight |
| 32:13 | Research | Cavalier (upgrade) |
| 32:29 | Create | Trebuchet (Packed) |
| 32:31 | Create | Villager (Male) |
| 32:32 | Create | Villager (Male) |
| 32:37 | Create | Villager (Male) |
| 32:38 | Create | Villager (Male) |
| 32:55 | Create | Villager (Male) |
| 33:13 | Create | Trebuchet (Packed) |
| 33:20 | Create | Trade Cart |
| 33:22 | Create | Trade Cart |
| 33:26 | Create | Villager (Male) |
| 33:26 | Create | Villager (Male) |
| 33:30 | Create | Villager (Male) |
Build order — 社恐
First 150 of 309 actions detected
| 0:06 | Build | House |
| 0:12 | Build | House |
| 0:14 | Create | Villager (Male) |
| 0:14 | Create | Villager (Male) |
| 0:14 | Create | Villager (Male) |
| 0:14 | Create | Villager (Male) |
| 0:15 | Create | Villager (Male) |
| 1:50 | Create | Villager (Male) |
| 1:50 | Create | Villager (Male) |
| 2:13 | Create | Villager (Male) |
| 2:13 | Create | Villager (Male) |
| 2:45 | Create | Villager (Male) |
| 3:07 | Create | Villager (Male) |
| 3:08 | Create | Villager (Male) |
| 3:41 | Create | Villager (Male) |
| 3:41 | Create | Villager (Male) |
| 3:51 | Build | Lumber Camp |
| 4:13 | Build | Mill |
| 4:18 | Create | Villager (Male) |
| 4:18 | Create | Villager (Male) |
| 4:37 | Build | House |
| 4:51 | Create | Villager (Male) |
| 4:51 | Create | Villager (Male) |
| 5:29 | Create | Villager (Male) |
| 5:54 | Create | Villager (Male) |
| 6:00 | Build | House |
| 6:05 | Build | House |
| 6:22 | Research | Horse Collar |
| 6:47 | Create | Villager (Male) |
| 7:02 | Build | Farm |
| 7:11 | Build | Farm |
| 7:17 | Build | Farm |
| 7:23 | Create | Villager (Male) |
| 7:23 | Create | Villager (Male) |
| 7:49 | Create | Villager (Male) |
| 8:02 | Build | Farm |
| 8:05 | Create | Villager (Male) |
| 8:28 | Create | Villager (Male) |
| 8:50 | Research | Double-Bit Axe |
| 8:51 | Research | Double-Bit Axe |
| 9:04 | Create | Villager (Male) |
| 9:29 | Create | Villager (Male) |
| 9:29 | Create | Villager (Male) |
| 9:46 | Create | Villager (Male) |
| 9:55 | Build | Farm |
| 10:00 | Build | Farm |
| 10:08 | Create | Villager (Male) |
| 10:08 | Create | Villager (Male) |
| 10:23 | Build | Farm |
| 10:34 | Create | Villager (Male) |
| 10:41 | Create | Villager (Male) |
| 10:42 | Create | Villager (Male) |
| 10:50 | Build | Farm |
| 10:55 | Build | Farm |
| 11:09 | Create | Villager (Male) |
| 11:09 | Create | Villager (Male) |
| 11:16 | Build | Farm |
| 11:20 | Build | Farm |
| 11:34 | Research | Wheelbarrow |
| 11:57 | Build | Farm |
| 12:06 | Build | Barracks |
| 12:18 | Build | House |
| 13:02 | Create | Villager (Male) |
| 13:12 | Build | Farm |
| 13:31 | Research | Feudal Age |
| 13:46 | Build | House |
| 13:54 | Build | House |
| 14:07 | Build | Mining Camp |
| 14:48 | Build | Mining Camp |
| 15:08 | Create | Villager (Male) |
| 15:09 | Create | Villager (Male) |
| 15:49 | Age | Feudal Age |
| 15:50 | Research | Heavy Plow |
| 15:54 | Research | Bow Saw |
| 15:56 | Research | Hand Cart |
| 15:57 | Create | Villager (Male) |
| 16:09 | Build | Stable |
| 16:16 | Build | Blacksmith |
| 16:28 | Create | Villager (Male) |
| 16:28 | Create | Villager (Male) |
| 16:28 | Create | Villager (Male) |
| 16:29 | Create | Villager (Male) |
| 16:29 | Create | Villager (Male) |
| 16:29 | Create | Villager (Male) |
| 16:30 | Create | Villager (Male) |
| 17:18 | Create | Villager (Male) |
| 17:18 | Create | Villager (Male) |
| 17:49 | Build | Stable |
| 18:21 | Build | House |
| 18:26 | Research | Castle Age |
| 18:31 | Research | Castle Age |
| 18:42 | Build | House |
| 18:45 | Build | House |
| 19:03 | Create | Villager (Male) |
| 19:03 | Create | Villager (Male) |
| 19:03 | Create | Villager (Male) |
| 19:03 | Create | Villager (Male) |
| 19:04 | Create | Villager (Male) |
| 19:04 | Create | Villager (Male) |
| 19:50 | Build | Lumber Camp |
| 19:59 | Create | Villager (Male) |
| 20:00 | Create | Villager (Male) |
| 20:26 | Build | House |
| 20:47 | Build | Mining Camp |
| 20:53 | Create | Scout Cavalry |
| 20:54 | Create | Scout Cavalry |
| 20:54 | Create | Scout Cavalry |
| 20:54 | Create | Scout Cavalry |
| 20:55 | Create | Scout Cavalry |
| 20:55 | Create | Scout Cavalry |
| 20:58 | Create | Scout Cavalry |
| 20:58 | Create | Scout Cavalry |
| 20:58 | Create | Scout Cavalry |
| 21:09 | Build | House |
| 21:11 | Age | Castle Age |
| 21:20 | Build | House |
| 21:50 | Research | Crop Rotation |
| 21:54 | Create | Villager (Male) |
| 21:54 | Create | Villager (Male) |
| 22:01 | Research | Two-Man Saw |
| 22:08 | Build | Farm |
| 22:21 | Research | Light Cavalry (upgrade) |
| 22:42 | Build | Town Center |
| 22:59 | Create | Villager (Male) |
| 22:59 | Create | Villager (Male) |
| 23:00 | Create | Villager (Male) |
| 23:00 | Create | Villager (Male) |
| 23:00 | Create | Villager (Male) |
| 23:01 | Create | Villager (Male) |
| 23:17 | Build | Lumber Camp |
| 23:44 | Build | Farm |
| 23:59 | Research | Husbandry |
| 24:03 | Create | Villager (Male) |
| 24:04 | Create | Villager (Male) |
| 24:04 | Create | Villager (Male) |
| 24:04 | Create | Villager (Male) |
| 24:05 | Create | Villager (Male) |
| 24:05 | Create | Villager (Male) |
| 24:05 | Create | Villager (Male) |
| 24:16 | Build | Farm |
| 24:22 | Build | Farm |
| 24:29 | Build | Farm |
| 24:37 | Build | Farm |
| 24:44 | Build | Farm |
| 24:55 | Research | Stone Mining |
| 25:04 | Create | Villager (Male) |
| 25:04 | Create | Villager (Male) |
| 25:04 | Create | Villager (Male) |
| 25:04 | Create | Villager (Male) |
| 25:05 | Create | Villager (Male) |
Build order — Komle
First 150 of 363 actions detected
| 0:03 | Build | House |
| 0:12 | Build | House |
| 0:41 | Create | Villager (Male) |
| 0:41 | Create | Villager (Male) |
| 0:41 | Create | Villager (Male) |
| 0:42 | Create | Villager (Male) |
| 1:31 | Create | Villager (Male) |
| 2:10 | Build | Lumber Camp |
| 2:22 | Create | Villager (Male) |
| 2:22 | Create | Villager (Male) |
| 3:08 | Create | Villager (Male) |
| 3:08 | Create | Villager (Male) |
| 3:08 | Create | Villager (Male) |
| 3:22 | Create | Villager (Male) |
| 3:23 | Create | Villager (Male) |
| 4:26 | Create | Villager (Male) |
| 4:28 | Build | House |
| 4:48 | Build | Mill |
| 4:55 | Create | Villager (Male) |
| 4:56 | Create | Villager (Male) |
| 5:33 | Create | Villager (Male) |
| 5:33 | Create | Villager (Male) |
| 5:33 | Create | Villager (Male) |
| 6:05 | Build | Farm |
| 6:22 | Build | Farm |
| 7:22 | Create | Villager (Male) |
| 7:23 | Create | Villager (Male) |
| 7:23 | Create | Villager (Male) |
| 7:23 | Create | Villager (Male) |
| 7:23 | Create | Villager (Male) |
| 8:00 | Create | Villager (Male) |
| 8:01 | Create | Villager (Male) |
| 8:05 | Build | Farm |
| 8:22 | Build | House |
| 8:33 | Build | Palisade Wall |
| 8:47 | Create | Villager (Male) |
| 8:48 | Create | Villager (Male) |
| 8:48 | Create | Villager (Male) |
| 8:55 | Build | Farm |
| 9:00 | Build | Farm |
| 9:07 | Create | Villager (Male) |
| 9:07 | Create | Villager (Male) |
| 9:14 | Research | Feudal Age |
| 9:14 | Research | Feudal Age |
| 9:54 | Build | Barracks |
| 11:00 | Build | Palisade Wall |
| 11:15 | Build | Farm |
| 11:27 | Age | Feudal Age |
| 11:35 | Build | Mining Camp |
| 11:38 | Create | Villager (Male) |
| 11:38 | Create | Villager (Male) |
| 11:39 | Create | Villager (Male) |
| 11:39 | Create | Villager (Male) |
| 12:02 | Research | Double-Bit Axe |
| 12:21 | Create | Villager (Male) |
| 12:22 | Create | Villager (Male) |
| 12:22 | Create | Villager (Male) |
| 12:30 | Build | House |
| 12:32 | Build | House |
| 13:03 | Research | Wheelbarrow |
| 13:21 | Research | Horse Collar |
| 13:21 | Research | Horse Collar |
| 13:47 | Build | Palisade Wall |
| 14:53 | Create | Villager (Male) |
| 14:53 | Create | Villager (Male) |
| 14:53 | Create | Villager (Male) |
| 14:53 | Create | Villager (Male) |
| 15:10 | Build | Palisade Wall |
| 15:32 | Build | Farm |
| 15:40 | Build | Farm |
| 16:02 | Build | Archery Range |
| 16:09 | Build | Market |
| 16:25 | Build | Palisade Gate |
| 17:19 | Build | Farm |
| 17:24 | Create | Villager (Male) |
| 17:24 | Create | Villager (Male) |
| 17:24 | Create | Villager (Male) |
| 17:47 | Research | Castle Age |
| 17:47 | Research | Castle Age |
| 18:33 | Build | House |
| 18:36 | Build | House |
| 18:38 | Build | House |
| 18:39 | Build | House |
| 18:41 | Build | House |
| 18:51 | Build | Mining Camp |
| 18:55 | Research | Gold Mining |
| 18:55 | Research | Stone Mining |
| 19:32 | Build | Lumber Camp |
| 20:28 | Build | Farm |
| 20:33 | Build | Farm |
| 20:33 | Age | Castle Age |
| 20:35 | Build | Farm |
| 21:10 | Build | Palisade Gate |
| 21:19 | Research | Heavy Plow |
| 21:21 | Research | Bow Saw |
| 21:24 | Create | Villager (Male) |
| 21:24 | Create | Villager (Male) |
| 21:25 | Create | Villager (Male) |
| 21:25 | Create | Villager (Male) |
| 21:25 | Create | Villager (Male) |
| 21:25 | Create | Villager (Male) |
| 21:25 | Create | Villager (Male) |
| 21:26 | Create | Villager (Male) |
| 22:13 | Build | Castle |
| 23:01 | Build | Town Center |
| 23:36 | Build | Town Center |
| 23:52 | Build | Farm |
| 23:53 | Create | Villager (Male) |
| 23:54 | Create | Villager (Male) |
| 23:54 | Create | Villager (Male) |
| 24:05 | Research | Stone Shaft Mining |
| 24:36 | Create | Trade Cart |
| 24:36 | Create | Trade Cart |
| 24:37 | Create | Trade Cart |
| 24:37 | Create | Trade Cart |
| 24:37 | Create | Trade Cart |
| 24:54 | Build | Palisade Wall |
| 24:57 | Create | Plumed Archer |
| 25:14 | Create | Villager (Male) |
| 25:14 | Create | Villager (Male) |
| 25:14 | Create | Villager (Male) |
| 25:14 | Create | Villager (Male) |
| 25:28 | Build | Blacksmith |
| 25:41 | Build | Farm |
| 25:54 | Create | Villager (Male) |
| 25:54 | Create | Villager (Male) |
| 25:55 | Create | Villager (Male) |
| 26:04 | Create | Villager (Male) |
| 26:04 | Create | Villager (Male) |
| 26:05 | Create | Villager (Male) |
| 26:05 | Create | Villager (Male) |
| 26:08 | Create | Plumed Archer |
| 26:09 | Create | Plumed Archer |
| 26:09 | Create | Plumed Archer |
| 26:09 | Create | Plumed Archer |
| 26:16 | Create | Villager (Male) |
| 26:16 | Create | Villager (Male) |
| 26:20 | Create | Villager (Male) |
| 26:20 | Create | Villager (Male) |
| 26:20 | Create | Villager (Male) |
| 26:21 | Create | Villager (Male) |
| 26:35 | Create | Villager (Male) |
| 26:35 | Create | Villager (Male) |
| 27:06 | Build | Farm |
| 27:12 | Build | Farm |
| 27:19 | Build | Farm |
| 27:22 | Build | Farm |
| 27:31 | Build | Farm |
| 27:37 | Build | Farm |
| 27:45 | Build | Farm |
Match timeline
| 8:33 | Komle · wall_segment Palisade Wall x15 |
| 9:54 | Komle · first_building Barracks |
| 10:34 | Preen · first_building Barracks |
| 11:00 | Komle · wall_segment Palisade Wall x15 |
| 11:04 | Stove · age_up feudal |
| 11:27 | Komle · age_up feudal |
| 12:06 | 社恐 · first_building Barracks |
| 12:17 | Preen · age_up feudal |
| 12:44 | Preen · first_building Stable |
| 13:47 | Komle · wall_segment Palisade Wall x38 |
| 15:10 | Komle · wall_segment Palisade Wall x12 |
| 15:49 | 社恐 · age_up feudal |
| 16:02 | Komle · first_building Archery Range |
| 16:09 | 社恐 · first_building Stable |
| 17:45 | Stove · first_market_buy 100 food |
| 20:08 | Preen · age_up castle |
| 20:33 | Komle · age_up castle |
| 20:58 | Stove · age_up castle |
| 21:11 | 社恐 · age_up castle |
| 21:26 | Preen · first_building Castle |
| 21:54 | Komle · first_market_sell 100 wood |
| 22:00 | Komle · first_market_buy 100 stone |
| 22:13 | Komle · first_building Castle |
| 23:51 | Stove · first_building Castle |
| 24:54 | Komle · wall_segment Palisade Wall x2 |
| 26:04 | Stove · first_building Siege Workshop |
| 26:10 | 社恐 · first_building Castle |
| 29:11 | 社恐 · first_building Monastery |
| 30:18 | Stove · first_market_sell 100 wood |
| 30:20 | Stove · age_up imperial |
| 31:21 | Preen · age_up imperial |
| 32:25 | Stove · first_building Barracks |
| 33:25 | 社恐 · age_up imperial |
| 36:02 | Komle · age_up imperial |
| 42:11 | Preen · resign |
[ AI ANALYSIS · 1 CREDIT ]
What really happened in this match?
Wolo.gg analyzes every decision: build order, eco, micro, common mistakes by bracket. Personalized analysis on WhatsApp or Discord in 30 seconds.
Civ guide
Celts
Perfil
Stove (Raven / Squir / Ox)